 Dungeon Crawl Stone Soup version 0.31-a0-175-g9f7f995f2b (webtiles) character file.

Game seed: 9265760387024353153

94 qw the Chopper (level 4, 0/28 HPs)
             Began as a Gargoyle Fighter on June 16, 2023.
             Slain by a river rat (7 damage)
             ... in a sewer.
             The game lasted 00:01:00 (1624 turns).

qw the Chopper (Gargoyle Fighter)                   Turns: 1624, Time: 00:01:00

Health: 0/28       AC: 10    Str: 22    XL:     4   Next: 63%
Magic:  4/4        EV:  9    Int:  8    God:
Gold:   102        SH:  4    Dex:  9    Spells: 3/3 levels left

rFire   . . .        Y - +1 war axe
rCold   . . .        c - +0 buckler
rNeg    + . .        b - +0 scale mail
rPois   inf          (no helmet)
rElec   +            (no cloak)
rCorr   .            (no gloves)
SInv    .            (no boots)
Will    .....        (no amulet) Stlth
                     (no ring)
HPRegen 0.24/turn    (no ring)
MPRegen 0.09/turn

%: no passive effects
@: no status effects
A: sickness immunity, AC +3, negative energy resistance 1, electricity
resistance, torment resistance 1, petrification resistance
a: no special abilities


You were in a sewer.
You visited 1 branch of the dungeon, and saw 3 of its levels.
You also visited: Sewer.

You collected 102 gold pieces.


Innate Abilities, Weirdness & Mutations

You are immune to sickness and miasma.
Your stone body is resilient. (AC +3)
You are immune to poison.
You resist negative energy. (rN+)
You are resistant to electric shocks. (rElec)
You are resistant to unholy torment.
You are immune to petrification.


   Skills:
 - Level 3.2 Fighting
 + Level 4.3 Axes
 - Level 3.2 Armour
 - Level 3.2 Shields


You had 3 spell levels left.
You didn't know any spells.
Your spell library was empty.

Inventory:

Hand Weapons
 a - a +0 club
 Y - a +1 war axe (weapon)
Armour
 b - a +0 scale mail (worn)
 c - a +0 buckler (worn)
Scrolls
 h - a scroll of identify
Potions
 d - a potion of might
 e - a potion of haste {unknown}
 f - a potion of brilliance {unknown}
 g - 3 potions of curing

Dungeon Overview and Level Annotations

Branches:
Dungeon (3/15)              Sewer (1/1)

Altars:

Annotations:
D:1 exclusion: giant cockroach
D:3 1 transporter


Message History

The rat bites you but does no damage. The river rat bites you.
You block the frilled lizard's attack.
You slash the rat!
You kill the rat!
You barely miss the frilled lizard. You hit the river rat.
The frilled lizard bites you but does no damage.
The river rat bites you but does no damage.
You barely miss the river rat.
The river rat is heavily wounded.
You closely miss the frilled lizard.
The frilled lizard bites you but does no damage.
The river rat barely misses you. You block the frilled lizard's attack.
You block the river rat's attack.
You completely miss the river rat.
The river rat is heavily wounded.
You hit the frilled lizard.
The frilled lizard bites you but does no damage.
The river rat barely misses you.
You miss the frilled lizard.
The frilled lizard is heavily wounded.
You hit the river rat but do no damage. The frilled lizard barely misses you.
The river rat bites you!
You closely miss the frilled lizard.
The frilled lizard is heavily wounded.
You hit the river rat but do no damage.
The frilled lizard bites you but does no damage.
The river rat barely misses you.
The frilled lizard bites you but does no damage.
The river rat closely misses you.
You slash the frilled lizard!
You kill the frilled lizard!
You hit the river rat. The river rat barely misses you.
You completely miss the river rat.
The river rat is almost dead.
The river rat barely misses you.
You closely miss the river rat.
The river rat is almost dead.
The river rat bites you!
You die...

####
######...#
#####
##.........
....##
##........
.....#
#.......#
.\\..#
##....%.#
.....#
#....@.#
~~~~.#
#.~~~r##
~~~~~#
#~~~~~~#
~~~~~#
#~~%~~~#
~~~~~#
#~~~~~~#
~~~~~#
#~~~~~~#
~~~~~#
#~~~~~~#
~~~~~#
#~~~~~~#
~~~~~#
#~~~~~~#


You could see a river rat.

Vanquished Creatures
  2 river rats (Sewer)
  2 adders
  2 worms (D:2)
  7 ball pythons
  3 endoplasms
  4 giant cockroaches
  2 goblins (D:1)
  3 hobgoblins
  2 jackals (D:1)
  2 quokkas
  7 bats
  3 frilled lizards
  16 rats
55 creatures vanquished.

Notes
Turn   | Place    | Note
-------+----------+-------------------------------------------
     0 | D:1      | qw the Gargoyle Fighter began the quest for the Orb.
     0 | D:1      | Reached XP level 1. HP: 14/14 MP: 1/1
     0 | D:1      | 0 ||| qw: Version: 0.2-a-29-g511e9b1
     0 | D:1      | 0 ||| qw: Game counter: 5659
     0 | D:1      | 0 ||| qw: Always use a shield: true
     0 | D:1      | 0 ||| qw: God list: Okawaru
     0 | D:1      | 0 ||| qw: Allow faded altars: false
     0 | D:1      | 0 ||| qw: Do Orc after D:15 true
     0 | D:1      | 0 ||| qw: Do second Lair branch before Depths: true
     0 | D:1      | 0 ||| qw: Lair rune preference: random
     0 | D:1      | 0 ||| qw: Plans: Normal, Zot:1-4, Slime:5, God:TSO, Crypt,
                  | Tomb, Abyss, Pan, Hells, Win
     0 | D:1      | 0 ||| PLANNING D:1-11
    67 | D:1      | Reached skill level 2 in Axes
   163 | D:1      | Reached XP level 2. HP: 19/19 MP: 2/2
   357 | D:1      | 357 ||| READING scroll labelled QIGIYM KUUTWU.
   371 | D:1      | 371 ||| READING 2 scrolls labelled RIMUEN FEMP.
   372 | D:1      | 372 ||| READING 3 scrolls labelled KAHAPT GIJECO.
   373 | D:1      | 373 ||| READING scroll labelled QAGIQO FYT.
   637 | D:1      | 637 ||| DROPPING scroll of fear.
   638 | D:1      | 638 ||| DROPPING 2 scrolls of blinking.
   650 | D:2      | 650 ||| STAIRDANCE
   657 | D:1      | Reached skill level 3 in Axes
   679 | D:2      | Reached XP level 3. HP: 22/23 MP: 3/3
   734 | D:2      | 734 ||| Stepping ~*~*~tactically~*~*~ (stealth).
  1370 | D:2      | 1370 ||| READING 2 scrolls labelled YDEASE VEHE.
  1371 | D:2      | 1371 ||| READING scroll labelled CIECHY VOAKUU.
  1374 | D:2      | 1374 ||| DRINKING 4 fuming brown potions.
  1400 | D:3      | 1400 ||| PLANNING SEWER
  1423 | D:3      | Found a transporter.
  1469 | D:3      | Found a glowing drain.
  1490 | D:3      | 1490 ||| Stepping ~*~*~tactically~*~*~ (water).
  1492 | D:3      | Reached XP level 4. HP: 27/28 MP: 4/4
  1500 | Sewer    | Entered a sewer
  1528 | Sewer    | Reached skill level 4 in Axes
  1557 | Sewer    | 1557 ||| Stepping ~*~*~tactically~*~*~ (stealth).
  1558 | Sewer    | 1558 ||| Stepping ~*~*~tactically~*~*~ (stealth).
  1613 | Sewer    | 1613 ||| Stepping ~*~*~tactically~*~*~ (water).
  1620 | Sewer    | HP: 6/28 [river rat (7)]
  1624 | Sewer    | Slain by a river rat

Levels and vault maps discovered:
D:1:      minmay_arrival_up_and_down, layout_rooms, chequers_big_river
D:2:      layout_loops_cross
D:3:      gammafunk_wand_slinger, layout_basic, lemuel_doored_altar,
          okawaru_metal_pillars_1_2, cheibrodos_sewer_entry_drain,
          serial_curves, eino_curves_03, eino_curves_01,
          shapermc_ecumenical_altar_mp_highgroup
Sewer:    sewer_minmay_w

Skill      XL: |  1  2  3  4 |
---------------+-------------+-----
Axes           | 2 3 4 |  4.3
Fighting       | |  3.2
Armour         | |  3.2
Shields        | |  3.2

Action                     |  1- 3 |  4- 6 || total
---------------------------+-------+-------++-------
  Melee: War axe           |   119 |    44 ||   163
    Use: Scroll            |     6 |       ||     6
         Potion            |     1 |       ||     1
 Armour: Scale mail        |    58 |    26 ||    84
  Dodge: Dodged            |    65 |    30 ||    95
  Block: Buckler           |    18 |    10 ||    28

Table legend:
 A = Non-vault XP
 B = Vault XP
 C = Vault XP percentage of total XP
 D = Non-vault monster count
 E = Vault monster count
 F = Vault count percentage of total count
                 A         B        C        D         E       F
            +---------+---------+-------+---------+---------+-------
      Total |      87 |      48 |  35.6 |      35 |      20 |  36.4
            +---------+---------+-------+---------+---------+-------
        D:1 |      30 |       0 |   0.0 |      19 |       0 |   0.0
        D:2 |      42 |       0 |   0.0 |      14 |       0 |   0.0
        D:3 |      15 |       4 |  21.1 |       2 |       2 |  50.0
      Sewer |       0 |      44 | 100.0 |       0 |      18 | 100.0
            +---------+---------+-------+---------+---------+-------
